AoeStats
← Noroad

Golden Pit

509565797Analyzed
1v1 RM · 5d ago on Sep 27, 2026· 35m 37s· 2 players
Game mode
Random Map
Map size
Tiny (2 player)
Population
200
Speed
Normal
Resources
Standard
Victory
Conquest
Starting age
Dark Age
Ending age
Imperial Age
RankedLock teamsTeams togetherTeam positionsShared explorationLock speedFull tech treeHidden civsTurbo modeCheats
Victory
Defeat
🇨🇳 Danes · China
1370
+16
🇹🇷 Mongols · Türkiye
1380
-16
Noroad
5:27 Loom
9:01 Feudal Age
9:35 Double-Bit Axe
18:53 Castle Age
17:34 Fletching
19:11 Padded Archer Armor
22:16 Scale Mail Armor
23:25 Squires
22:53 Elite Skirmisher
28:12 Chain Mail Armor
29:51 Bodkin Arrow
OROSPİSENT
0:26 Loom
11:26 Feudal Age
13:15 Double-Bit Axe
14:20 Horse Collar
14:39 Gold Mining
16:51 Castle Age
16:59 Fletching
17:35 Bodkin Arrow
20:16 Padded Archer Armor
22:35 Husbandry
22:46 Bloodlines
29:09 Herbal Medicine
Connection lost

Rejoining the realm…

Still unreachable

The connection could not be restored.

Session expired

The server has moved on; the page needs a fresh start.